 Dungeon Crawl Stone Soup version 0.20-a0-899-g09a9bfb (webtiles) character file.

6 theanonym the Sneak (level 1, -2/10 HPs)
             Began as a Spriggan Assassin on Mar 18, 2017.
             Slain by a hobgoblin
             ... wielding a +0 club
              (4 damage)
             ... on level 1 of the Dungeon.
             The game lasted 00:01:47 (515 turns).

theanonym the Sneak (Spriggan Assassin)              Turns: 515, Time: 00:01:48

Health: -2/10      AC:  3    Str:  7    XL:     1   Next: 75%
Magic:  2/2        EV: 17    Int: 12    God:
Gold:   7          SH:  0    Dex: 17    Spells: 0/0 levels left

rFire    . . .     SeeInvis +   a - +2 dagger
rCold    . . .     Gourm    .   c - +0 robe
rNeg     . . .     Faith    .   (shield restricted)
rPois    .         Spirit   .   (helmet restricted)
rElec    .         Reflect  .   d - +0 cloak
rCorr    .         Harm     .   (gloves unavailable)
MR       .....                  (boots unavailable)
Stlth    +++.......             (no amulet)
Regen    0.1/turn               (no ring)
MPRegen  0.1/turn               (no ring)

@: very quick
A: unfitting armour, see invisible, herbivore 3, speed 3, slow metabolism 2
a: no special abilities


You were on level 1 of the Dungeon.
You were not hungry.

You visited 1 branch of the dungeon, and saw 1 of its levels.

You collected 7 gold pieces.

Inventory:

Hand Weapons
 a - a +2 dagger (weapon)
 b - a +0 blowgun
Missiles
 e - 8 poisoned needles
 f - 2 curare-tipped needles
Armour
 c - a +0 robe (worn)
 d - a +0 cloak (worn)
Scrolls
 h - a scroll of immolation {unknown}
Comestibles
 g - a bread ration {@e1}


   Skills:
 - Level 1.5 Fighting
 + Level 2.4 Short Blades
 - Level 2.0 Throwing
 + Level 1.7 Dodging
 + Level 6.2 Stealth


You couldn't memorise any spells.
You didn't know any spells.

Dungeon Overview and Level Annotations

Branches:
Dungeon (1/15)

Altars:


Innate Abilities, Weirdness & Mutations

You are very small and have problems with some larger weapons.
You are too small for most types of armour.
You have supernaturally acute eyesight. (SInv)
You are a herbivore.
You cover ground extremely quickly.
You need consume almost no food.


Message History

You miss the bat. The bat misses you.
You closely miss the bat. The bat closely misses you.
The bat hits you but does no damage.
You closely miss the bat. The bat barely misses you.
The bat completely misses you.
Things that are here:
a short sword; a kobold corpse You barely miss the bat.
The bat completely misses you.
You hit the bat.
You kill the bat!
No target in view!
No target in view!
No target in view!
No target in view!
No target in view!
No target in view!
No target in view!
No target in view!
No target in view!
No target in view!
No target in view!
No target in view!
No target in view!
No target in view!
No target in view!
No target in view!
No target in view!
No target in view!
No target in view!
No target in view!
No target in view!
No target in view!
No target in view!
No target in view!
No target in view!
No target in view!
No target in view!
No target in view!
No target in view!
No target in view!
No target in view!
No target in view!
No target in view!
h - a scroll labeled FIMIKHUPHU Health restored: 10 You now have 7 gold pieces.
Found a stone staircase leading down.
There is a stone staircase leading down here.
A kobold comes into view. It is wielding a dagger.
A kobold is nearby!
The kobold throws a stone.
The stone hits you.
You see here a stone.
You take 3 damage, and have 7/10 hp.
MASSIVE DAMAGE!!
You hit the kobold but do no damage. The kobold misses you.
You hit the kobold. The kobold hits you but does no damage.
You barely miss the kobold. The kobold misses you.
You barely miss the kobold. The kobold hits you but does no damage.
You hit the kobold.
You kill the kobold!
No target in view!
No target in view!
You start resting.
Health restored: 10
Things that are here:
a dagger; 4 stones A kobold comes into view.
It is wielding a dagger.
You strike the helpless kobold from behind!
You puncture the kobold!
You kill the kobold!
No target in view!
No target in view!
No target in view!
A rat comes into view.
Found a stone staircase leading down.
Things that are here:
a dagger; 2 stones; a kobold corpse A rat is nearby!
You hit the rat. You hit the rat. The rat barely misses you.
You barely miss the rat. The rat barely misses you.
You barely miss the rat. The rat barely misses you.
You hit the rat.
You kill the rat!
No target in view!
No target in view!
Things that are here:
a dagger; 2 stones; a kobold corpse
There is a stone staircase leading down here.
A hobgoblin comes into view. It is wielding a club.
A rat comes into view.
You hit the hobgoblin. The hobgoblin hits you with a club.
You take 2 damage, and have 8/10 hp.
You hit the hobgoblin. The hobgoblin hits you with a club!
Ouch! That really hurt!
* * * LOW HITPOINT WARNING * * *
You take 7 damage, and have 1/10 hp.
MASSIVE DAMAGE!!
You closely miss the hobgoblin. The hobgoblin hits you with a club.
You die...

#.# #######.## .....#...##
#.........# .##
..........##..#
..........#...#
..........#.#.#
##.....r###g#.#.# ......
#@#.#.# #..#.# #.#.#.#
#####
#..#.#####.#.#.########...#
#..#(.................#...#
#..............######.#...#
#..†......>##..............
####.)#######.##.##........
#.....####.##.##......†.
#..##.........##.#....).


You could see a hobgoblin.

Vanquished Creatures
  A goblin (D:1)
  3 kobolds (D:1)
  2 bats (D:1)
  A rat (D:1)
7 creatures vanquished.

Notes
Turn   | Place    | Note
-------+----------+-------------------------------------------
     0 | D:1      | theanonym the Spriggan Assassin began the quest for the Orb.
     0 | D:1      | Reached XP level 1. HP: 10/10 MP: 2/2
    37 | D:1      | HP: 1/10 [goblin/club (3)]
    38 | D:1      | Reached skill level 6 in Stealth
   510 | D:1      | HP: 1/10 [hobgoblin/club (7)]
   515 | D:1      | Slain by a hobgoblin

Vault maps used:
D:1:      elethiomel_arrival_shortcut, minivault_11

Skill      XL: |  1 |
---------------+----+-----
Stealth        | 6 |  6.2
Fighting       | |  1.5
Short Blades   | |  2.4
Throwing       | |  2.0
Dodging        | |  1.7

Action                   || total
-------------------------++-------
Melee: Dagger            ||    34
 Stab: Distracted        ||     1
Armor: Robe              ||     9
Dodge: Dodged            ||    30

Vault maps used:
D:1:      elethiomel_arrival_shortcut, minivault_11

Table legend:
 A = Turns spent in this place as a percentage of turns spent in the entire game.
 B = Non-inter-level travel turns spent in this place as a percentage of non-inter-level travel turns spent in the entire game.
 C = Inter-level travel turns spent in this place as a percentage of turns spent in this place.
 D = Turns resting spent in this place as a percentage of non-inter-level travel turns spent in this place.
 E = Turns spent auto-exploring this place as a percentage of non-inter-level travel turns spent in this place.
 F = Non-inter-level travel turns spent in this place divided by the number of levels of this place that you've seen.
                   A       B       C       D       E      F
               +-------+-------+-------+-------+-------+----------------------
         Total | 100.0 | 100.0 |   0.0 |   3.1 |   8.7 | 127.0
       Dungeon | 100.0 | 100.0 |   0.0 |   3.1 |   8.7 | 127.0
               +-------+-------+-------+-------+-------+----------------------

Table legend:
 A = Kills in this place as a percentage of kills in entire the game.
 B = Kills by you in this place as a percentage of kills by you in the entire game.
 C = Kills by friends in this place as a percentage of kills by friends in the entire game.
 D = Other kills in this place as a percentage of other kills in the entire game.
 E = Experience gained in this place as a percentage of experience gained in the entire game.
 F = Experience gained in this place divided by the number of levels of this place that you have seen.
                   A       B       C       D       E      F
               +-------+-------+-------+-------+-------+----------------------
         Total | 100.0 | 100.0 |  -nan |  -nan | 100.0 |   9.0
       Dungeon | 100.0 | 100.0 |  -nan |  -nan | 100.0 |   9.0
               +-------+-------+-------+-------+-------+----------------------
